 Dungeon Crawl Stone Soup version 0.25-a0-834-g55863b0b92 (webtiles) character file.

Game seed: 14105018690721136717, levelgen mode: deterministic

45 unvid the Chopper (level 3, 0/33 HPs)
             Began as a Hill Orc Fighter on Apr 22, 2020.
             Slain by a hobgoblin
             ... wielding a +0 club
             ... led by Robin
              (8 damage)
             ... on level 2 of the Dungeon.
             The game lasted 00:01:22 (1043 turns).

unvid the Chopper (Hill Orc Fighter)                Turns: 1043, Time: 00:01:23

Health: 0/33       AC:  6    Str: 18    XL:     3   Next: 64%
Magic:  3/3        EV:  7    Int:  8    God:
Gold:   42         SH:  9    Dex: 11    Spells: 2/2 levels left

rFire    . . .     SeeInvis .   a - +0 war axe
rCold    . . .     Gourm    .   c - +0 kite shield
rNeg     . . .     Faith    .   b - +0 scale mail
rPois    .         Spirit   .   (no helmet)
rElec    .         Reflect  .   (no cloak)
rCorr    .         Harm     .   (no gloves)
MR       .....                  (no boots)
Stlth    ..........             (no amulet)
HPRegen  0.11/turn              (no ring)
MPRegen  0.08/turn              (no ring)

@: no status effects
A: no striking features
a: no special abilities


You were on level 2 of the Dungeon.
You were hungry.

You visited 1 branch of the dungeon, and saw 2 of its levels.

You collected 42 gold pieces.

Inventory:

Hand Weapons
 a - a +0 war axe (weapon)
Missiles
 r - 6 boomerangs (quivered)
Armour
 b - a +0 scale mail (worn)
 c - a +0 kite shield (worn)
Jewellery
 o - an uncursed ring of protection from cold {unknown}
Scrolls
 e - a scroll of blinking {unknown}
 g - a scroll of magic mapping {unknown}
 h - a scroll of noise {unknown}
 j - a scroll of fog {unknown}
 l - a scroll of identify {unknown}
 m - a scroll of enchant armour {unknown}
 n - a scroll of enchant weapon {unknown}
 q - a scroll of remove curse {unknown}
Potions
 d - a potion of might
 i - a potion of haste {unknown}
 k - a potion of berserk rage {unknown}
 p - 2 potions of brilliance {unknown}
Comestibles
 f - 5 rations


   Skills:
 + Level 4.2 Fighting
 * Level 4.5 Axes
 - Level 3.2 Armour
 - Level 3.2 Shields


You had 2 spell levels left.
You didn't know any spells.
Your spell library was empty.

Dungeon Overview and Level Annotations

Branches:
Dungeon (2/15)

Altars:

Annotations:
D:2 1 runed translucent door, Crazy Yiuf, Robin


Message History

You block the hobgoblin's attack. x2
The dart slug launches a dart at you. The slug dart hits you.
You block the hobgoblin's attack. Robin hits you with a +0 club.
The hobgoblin hits you but does no damage.
Unknown command.
You closely miss Robin.
Robin is moderately wounded.
You hit the hobgoblin. x2
Your shield and scale mail prevent you from hitting the hobgoblin.
You hit the dart slug. You hit the hobgoblin.
The hobgoblin hits you but does no damage.
You block the hobgoblin's attack. The hobgoblin hits you.
* * * LOW HITPOINT WARNING * * *
You block the dart slug's attack. Robin hits you with a +0 club.
* * * LOW HITPOINT WARNING * * *
You block the hobgoblin's attack.
The hobgoblin hits you but does no damage.
The hobgoblin hits you with a +0 club!
You die...

.##..# .......
.#.#...##.....##
#.#....#.......#
#.............#
.#....#........#
#.............#
..............#
......g.†.....#
......w@g.....#
......ggg######
#........#
.#...!.###
#..... #.#.... .
.#... .##...


You could see Robin, a dart slug and 4 hobgoblins.

Vanquished Creatures
  An adder (D:2)
  An ooze (D:1)
  3 giant cockroaches (D:1)
  9 goblins
  7 hobgoblins
  A bat (D:1)
  2 frilled lizards (D:1)
  A kobold (D:1)
  4 rats
29 creatures vanquished.

Notes
Turn   | Place    | Note
-------+----------+-------------------------------------------
     0 | D:1      | unvid the Hill Orc Fighter began the quest for the Orb.
     0 | D:1      | Reached XP level 1. HP: 19/19 MP: 1/1
   191 | D:1      | Reached XP level 2. HP: 26/27 MP: 2/2
   665 | D:1      | Reached XP level 3. HP: 33/33 MP: 3/3
  1031 | D:2      | Found a runed translucent door.
  1032 | D:2      | Noticed Crazy Yiuf
  1033 | D:2      | Noticed Robin
  1043 | D:2      | Slain by a hobgoblin

Levels and vault maps discovered:
D:1:      dpeg_arrival_round_b, layout_basic
D:2:      layout_rooms, first_ration, minmay_strange_pillars,
          chequers_serial_rivers_micro_e, minmay_misc_feat_secret_circle,
          uniq_robin, uniq_crazy_yiuf_cottage

Skill      XL: |  1  2 |
---------------+-------+-----
Axes           | 3 4 |  4.5
Fighting       | 4 |  4.2
Armour         | |  3.2
Shields        | |  3.2

Action                   || total
-------------------------++-------
Melee: War axe           ||    78
Armor: Scale mail        ||    35
Dodge: Dodged            ||    20
Block: Kite shield       ||    38

Table legend:
 A = Non-vault XP
 B = Vault XP
 C = Vault XP percentage of total XP
 D = Non-vault monster count
 E = Vault monster count
 F = Vault count percentage of total count
                 A         B        C        D         E       F
            +---------+---------+-------+---------+---------+-------
      Total |      51 |      14 |  21.5 |      22 |       7 |  24.1
            +---------+---------+-------+---------+---------+-------
        D:1 |      34 |       0 |   0.0 |      18 |       0 |   0.0
        D:2 |      17 |      14 |  45.2 |       4 |       7 |  63.6
            +---------+---------+-------+---------+---------+-------
